 Dungeon Crawl Stone Soup version 0.24.0-123-gd5b16e6ec5 (webtiles) character file.

Game seed: 821093911344218469, levelgen mode: deterministic

9 FishyPogo the Chiller (level 2, -5/20 HPs)
             Began as a Draconian Ice Elementalist on Dec 26, 2019.
             Slain by a phantom (8 damage)
             ... on level 4 of the Dungeon.
             The game lasted 00:02:12 (302 turns).

FishyPogo the Chiller (Draconian Ice Elementalist)   Turns: 302, Time: 00:02:12

Health: -5/20      AC:  4    Str: 10    XL:     2   Next: 6%
Magic:  3/5        EV: 12    Int: 15    God:
Gold:   16         SH:  0    Dex: 11    Spells: 2/5 levels left

rFire    + . .     SeeInvis .   c - +0 club
rCold    + . .     Gourm    .   (no shield)
rNeg     . . .     Faith    .   (armour unavailable)
rPois    +         Spirit   .   (helmet restricted)
rElec    +         Reflect  .   (no cloak)
rCorr    +         Harm     .   (no gloves)
MR       .....                  (no boots)
Stlth    ++........             (no amulet)
HPRegen  0.06/turn              (no ring)
MPRegen  0.09/turn              (no ring)

@: resistant
A: unfitting armour, cold-blooded, AC +4
a: no special abilities


You were on level 4 of the Dungeon.
You were not hungry.

You visited 1 branch of the dungeon, and saw 3 of its levels.

You collected 16 gold pieces.

Inventory:

Hand Weapons
 c - a +0 club (weapon)
Missiles
 g - 27 stones (quivered)
Scrolls
 a - a scroll of identify {unknown}
 h - a scroll of enchant weapon {unknown}
 i - a scroll of magic mapping {unknown}
Potions
 e - a potion of curing {unknown}
 j - a potion of agility {unknown}
Comestibles
 b - a ration
 d - 9 chunks of flesh


   Skills:
 + Level 2.0 Dodging
 - Level 2.0 Stealth
 + Level 2.1 Spellcasting
 - Level 1.0 Conjurations
 * Level 3.2 Ice Magic


You had 2 spell levels left.
You knew the following spells:

 Your Spells              Type           Power        Failure   Level  Hunger
a - Freeze                Ice            ##..         6%          1    #......
b - Throw Frost           Conj/Ice       #.....       14%         2    ###....

Your spell library contained the following spells:

 Spells                   Type           Power        Failure   Level  Hunger
 Ozocubu's Armour         Chrm/Ice       #.......     34%         3    ###....
 Throw Icicle             Conj/Ice       #.......     65%         4    #####..
 Summon Ice Beast         Ice/Summ       #.......     75%         4    #####..


Dungeon Overview and Level Annotations

Branches:
Dungeon (2/15)

Altars:


Innate Abilities, Weirdness & Mutations

Your plain brown scales are hard. (AC +4)
You cannot fit into any form of body armour.
You are cold-blooded and may be slowed by cold attacks.


Message History

Aim: a worm The puff of frost hits the worm.
The worm is moderately wounded.
Found a dagger.
An orc comes into view. It is wielding a +0 club.
Found a smoky green potion.
The orc shouts!
You hear a croak.
A bullfrog comes into view.
A phantom comes into view.
The phantom hits you.
Found a scroll labeled PIJAF GUISTAAWK.
You see here a smoky green potion.
j - a smoky green potion The phantom hits you!
* * * LOW HITPOINT WARNING * * *
Unknown command.
It was a potion of resistance.
You feel protected. The phantom hits you!
You die...

#..=##......##.#
#.. #......##.#
#?. #.#.รท.###.#
#.# #$###.# #.#
#.# #. #.# #.#
#.# #. #.# #.#
#.# #. #.###.#
...####.#
#.##..#
#......@#
#.##.##
#.#####W# #.##.#
#o# #.##.#
#####F###.#
#.##.#
#.........#
#.##.#
#.###.#####
#.##.# #.#
####.##.#
#.#.###.#
##.##.##.#
#...o...#
##.#.#.##.#


You could see a phantom, a bullfrog and an orc.

Vanquished Creatures
  A dart slug (D:2)
  A leopard gecko (D:4)
  A giant cockroach (D:1)
  2 hobgoblins (D:1)
  A kobold (D:1)
6 creatures vanquished.

Notes
Turn   | Place    | Note
-------+----------+-------------------------------------------
     0 | D:1      | FishyPogo the Draconian Ice Elementalist began the quest
                  | for the Orb.
     0 | D:1      | Reached XP level 1. HP: 14/14 MP: 3/3
   205 | D:1      | You fall into a shaft and drop 1 floor!
   215 | D:2      | You fall into a shaft and drop 2 floors!
   252 | D:4      | Reached XP level 2. HP: 14/20 MP: 1/5
   256 | D:4      | Learned a level 2 spell: Throw Frost
   293 | D:4      | Noticed a bullfrog
   295 | D:4      | Noticed a phantom
   302 | D:4      | Slain by a phantom

Levels and vault maps discovered:
D:1:      giann_forest_graveyard, layout_basic, kennysheep_decorative_pillar
D:2:      layout_loops_ring, first_ration, chequers_serial_rivers_room_a
D:4:      layout_loops_ring

Skill      XL: |  1 |
---------------+----+-----
Dodging        | 2 |  2.0
Stealth        | 2 |  2.0
Spellcasting   | |  2.1
Conjurations   | |  1.0
Ice Magic      | |  3.2

Action                   || total
-------------------------++-------
Melee: Club              ||     9
       Tailslap          ||     1
 Cast: Freeze            ||    10
       Throw Frost       ||     1
  Use: Potion            ||     1
Armor: Skin              ||     2
Dodge: Dodged            ||    12
